 Dungeon Crawl Stone Soup version 0.24.0-123-gd5b16e6ec5 (webtiles) character file.

Game seed: 10483523012408420471, levelgen mode: deterministic

685 Elellon the Thaumaturge (level 7, -2/36 HPs)
             Began as a Deep Elf Conjurer on Feb 9, 2020.
             Slain by an ogre
             ... wielding a +0 giant club
              (20 damage)
             ... on level 4 of the Dungeon.
             The game lasted 00:05:38 (3964 turns).

Elellon the Thaumaturge (Deep Elf Conjurer)         Turns: 3964, Time: 00:05:38

Health: -2/36      AC:  5    Str:  7    XL:     7   Next: 35%
Magic:  9/20       EV: 18    Int: 20    God:
Gold:   138        SH:  0    Dex: 15    Spells: 19/22 levels left

rFire    + . .     SeeInvis .   i - +0 short sword
rCold    x . .     Gourm    .   (no shield)
rNeg     . . .     Faith    .   a - +0 robe
rPois    .         Spirit   .   (no helmet)
rElec    .         Reflect  .   p - +0 cloak
rCorr    .         Harm     .   (no gloves)
MR       .....                  h - +1 pair of boots
Stlth    ++........             (no amulet)
HPRegen  0.12/turn              k - +5 ring of evasion
MPRegen  0.17/turn              r - ring of fire

@: no status effects
A: no striking features
a: no special abilities


You were on level 4 of the Dungeon.
You were not hungry.

You visited 2 branches of the dungeon, and saw 5 of its levels.

You collected 138 gold pieces.

Inventory:

Hand Weapons
 i - a +0 short sword (weapon)
Armour
 a - a +0 robe (worn)
 h - a +1 pair of boots (worn)
 p - a +0 cloak (worn)
Jewellery
 k - a +5 ring of evasion (left hand)
 r - a ring of fire (right hand)
Wands
 l - a wand of random effects (14)
Scrolls
 b - a scroll of noise {unknown}
 f - 3 scrolls of remove curse
 n - a scroll of amnesia {unknown}
Potions
 d - 4 potions of lignification {unknown}
 e - a potion of flight {unknown}
 g - a potion of curing {unknown}
 m - a potion of heal wounds {unknown}
 s - 2 potions of haste {unknown}
 t - a potion of cancellation {unknown}
Comestibles
 c - 10 rations
 j - 3 chunks of flesh


   Skills:
 - Level 2.4 Dodging
 - Level 2.4 Stealth
 + Level 8.0 Spellcasting
 + Level 7.7 Conjurations


You had 19 spell levels left.
You knew the following spells:

 Your Spells              Type           Power        Failure   Level  Hunger
a - Magic Dart            Conj           ####         1%          1    None
b - Searing Ray           Conj           #####.       1%          2    None

Your spell library contained the following spells:

 Spells                   Type           Power        Failure   Level  Hunger
 Iskenderun's Mystic Bla  Conj           #####...     3%          4    ###....
 Dazzling Spray           Conj/Hex       ###...       5%          3    None
 Force Lance              Conj/Tloc      ###.....     17%         4    ###....
 Fulminant Prism          Conj/Hex       ###.......   17%         4    ###....


Dungeon Overview and Level Annotations

Branches:
Dungeon (4/15)             Temple (1/1) D:4

Altars:
Ashenzari
Cheibriados
Elyvilon
Fedhas
Hepliaklqana
Kikubaaqudgha
Makhleb
Okawaru
Qazlal
Ru
Sif Muna
Uskayaw
Xom
Yredelemnul
Zin
The Shining One

Annotations:
D:3 2 transporters, brucemayne's ghost, amateur HOMo


Message History

Sigmund completely misses you.
The searing ray hits Sigmund!
You kill Sigmund!
Your Spellcasting skill increases to level 8!
You finish channeling your searing ray.
Casting: Searing Ray (safe; 1% risk of failure)
Confirm with . or Enter, or press ? or * to list all spells.
Aiming: Searing Ray (safe; 1% risk of failure)
Press: ? - help, Shift-Dir - straight line, f - ogre
Aim: an ogre, wielding a +0 giant club The searing ray hits the ogre.
The ogre is lightly wounded. (Press . to maintain the ray.)
The ogre hits you with a +0 giant club!!
Ouch! That really hurt!
The searing ray hits the ogre!
The ogre is heavily wounded.
The ogre hits you with a +0 giant club!!
Ouch! That really hurt!
You die...

....................#####
.......>..........#..##.#
..................#....##
..................#...##
....................##.##
..................#####.##
..................# ##.#
..................# ###
................@##
................O#
................).
.......### ....... ......#
.....# ....#


You could see an ogre.

Vanquished Creatures
  Sigmund (D:4)
  Menkaure (D:4)
  A phantom (D:4)
  2 ogres (D:4)
  Crazy Yiuf (D:2)
  A worker ant (D:4)
  3 adders
  3 dart slugs
  2 leopard geckos
  6 orcs
  A ball python (D:1)
  3 giant cockroaches
  5 goblins
  6 hobgoblins
  7 jackals
  4 kobolds
  5 bats
  2 frilled lizards
  4 rats
58 creatures vanquished.

Notes
Turn   | Place    | Note
-------+----------+-------------------------------------------
     0 | D:1      | Elellon the Deep Elf Conjurer began the quest for the Orb.
     0 | D:1      | Reached XP level 1. HP: 10/10 MP: 6/6
   133 | D:1      | Reached XP level 2. HP: 15/15 MP: 6/8
   704 | D:1      | Reached skill level 4 in Spellcasting
   730 | D:1      | Reached skill level 5 in Conjurations
   803 | D:1      | Reached XP level 3. HP: 19/19 MP: 7/10
  1072 | D:2      | Found a runed translucent door.
  1073 | D:2      | Noticed Crazy Yiuf
  1109 | D:2      | Found an ancient bone altar of Kikubaaqudgha.
  1545 | D:2      | Learned a level 2 spell: Searing Ray
  1549 | D:2      | Killed Crazy Yiuf
  1839 | D:3      | Found a transporter.
  1847 | D:3      | Reached XP level 4. HP: 21/24 MP: 5/12
  2117 | D:3      | Found a faded altar of an unknown god.
  2302 | D:3      | Found a snail-covered altar of Cheibriados.
  2583 | D:3      | Found a transporter.
  2583 | D:3      | Noticed brucemayne's ghost (amateur HOMo)
  2684 | D:4      | Noticed Menkaure
  2687 | D:4      | Reached skill level 5 in Spellcasting
  2975 | D:4      | Found a staircase to the Ecumenical Temple.
  2978 | D:4      | Found a sacrificial altar of Ru.
  2983 | Temple   | Entered the Ecumenical Temple
  3128 | D:4      | Found a hazy altar of Hepliaklqana.
  3129 | D:4      | Found a shimmering blue altar of Sif Muna.
  3143 | D:4      | Noticed a phantom
  3147 | D:4      | Reached XP level 5. HP: 28/28 MP: 9/14
  3341 | D:4      | Found a blossoming altar of Fedhas.
  3474 | D:4      | Noticed an ogre
  3479 | D:4      | Killed an ogre
  3479 | D:4      | Reached skill level 6 in Spellcasting
  3563 | D:4      | Killed Menkaure
  3563 | D:4      | Reached XP level 6. HP: 8/32 MP: 8/17
  3626 | D:4      | Reached skill level 7 in Spellcasting
  3795 | D:4      | Reached XP level 7. HP: 28/36 MP: 13/19
  3955 | D:4      | Noticed Sigmund
  3962 | D:4      | Killed Sigmund
  3962 | D:4      | Reached skill level 8 in Spellcasting
  3964 | D:4      | Slain by an ogre

Levels and vault maps discovered:
D:1:      saegor_arrival_simple_b, layout_loops_cross
D:2:      layout_rooms, nicolae_overflow_hidden_temple, kiku_gazebo_pond_becter,
          uniq_crazy_yiuf_cottage
D:3:      layout_loops_ring, chequers_ecumenical_altar_simple_redux,
          first_ration, gammafunk_ghost_arena, kennysheep_slug_shrine
D:4:      layout_layer_cave, lemuel_crystal_altar, overflow_temple_1_default,
          gammafunk_temple_overflow_statue, temple_statues, uniq_menkaure,
          uniq_sigmund
Temple:   compressed_dpeg_circular_temple

Skill      XL: |  1  2  3  4  5  6  7 |
---------------+----------------------+-----
Spellcasting   | 4 5 6 7 8 |  8.0
Conjurations   | 5 6 7 |  7.7
Dodging        | |  2.4
Stealth        | |  2.4

Action                   |  1- 3 |  4- 6 |  7- 9 || total
-------------------------+-------+-------+-------++-------
 Cast: Magic Dart        |    58 |    73 |    11 ||   142
       Searing Ray       |     1 |     4 |     2 ||     7
  Use: Scroll            |       |     6 |       ||     6
  Eat: Chunk             |     2 |     6 |     1 ||     9
Armor: Robe              |     2 |       |       ||     2
Dodge: Dodged            |    12 |     6 |     1 ||    19
